 Dungeon Crawl Stone Soup version 0.31-a0-214-gb37851dbb3 (webtiles) character file.

Game seed: 2915452991395562846

382 qw the Chopper (level 6, -4/39 HPs)
             Began as a Gargoyle Fighter on July 1, 2023.
             Slain by an ogre
             ... wielding a +0 giant club
              (19 damage)
             ... on level 5 of the Dungeon.
             The game lasted 00:01:51 (3281 turns).

qw the Chopper (Gargoyle Fighter)                   Turns: 3281, Time: 00:01:52

Health: -4/39      AC: 16    Str: 21    XL:     6   Next: 76%
Magic:  6/6        EV:  7    Int:  9    God:
Gold:   198        SH:  4    Dex:  9    Spells: 5/5 levels left

rFire   . . .        Y - +1 war axe
rCold   . . .        c - +0 buckler
rNeg    + . .        e - +0 chain mail
rPois   inf          j - +1 helmet
rElec   +            (no cloak)
rCorr   .            h - +0 pair of gloves
SInv    .            (no boots)
Will    .....        (no amulet) Stlth
                     (no ring)
HPRegen 0.26/turn    (no ring)
MPRegen 0.10/turn

%: no passive effects
@: weakened
A: sickness immunity, AC +4, negative energy resistance 1, electricity
resistance, torment resistance 1, petrification resistance
a: no special abilities


You were on level 5 of the Dungeon.
You visited 1 branch of the dungeon, and saw 5 of its levels.

You collected 198 gold pieces.


Innate Abilities, Weirdness & Mutations

You are immune to sickness and miasma.
Your stone body is resilient. (AC +4)
You are immune to poison.
You resist negative energy. (rN+)
You are resistant to electric shocks. (rElec)
You are resistant to unholy torment.
You are immune to petrification.


   Skills:
 - Level 4.3 Fighting
 + Level 5.9 Axes
 - Level 3.2 Armour
 - Level 3.2 Shields


You had 5 spell levels left.
You didn't know any spells.
Your spell library was empty.

Inventory:

Hand Weapons
 a - a +0 morningstar
 Y - a +1 war axe (weapon)
Armour
 c - a +0 buckler (worn)
 e - a +0 chain mail (worn)
 h - a +0 pair of gloves (worn)
 j - a +1 helmet (worn)
Scrolls
 i - a scroll of teleportation
Potions
 b - a potion of berserk rage {unknown}
 d - a potion of might
 f - a potion of magic {unknown}
 g - a potion of invisibility {unknown}
 k - 4 potions of curing

Dungeon Overview and Level Annotations

Branches:
Dungeon (5/15)
 Temple: D:4-7

Altars:
Ashenzari
Cheibriados
Hepliaklqana
Kikubaaqudgha
Nemelex Xobeh
Qazlal
Trog
Vehumet
Zin

Shops:
D:3 :


Message History

An ogre, a gnoll bouda and a gnoll come into view.
The gnoll bouda shouts!
You hear a shout!
The gnoll bouda barks out a call to the hunt!
The gnolls pick up the pace! 2 gnolls come into view.
Found a coppery potion.
The gnoll shouts! x2
A gnoll comes into view. It is wielding a +0 spear.
The gnoll shouts!
The gnoll hits you but does no damage.
You slash the gnoll!
The gnoll is almost dead.
The gnoll hits you with a +0 spear. The gnoll hits you but does no damage.
The gnoll bouda gazes fiercely through you!
You feel your attacks grow feeble.
You slash the gnoll!
You kill the gnoll!
You hit the ogre. You barely miss the gnoll.
The gnoll throws a throwing net.
The throwing net hits you.
You become entangled in the net!
The gnoll hits you but does no damage. The ogre hits you but does no damage.
You struggle against the net.
The gnoll hits you with a +0 club. The gnoll hits you but does no damage.
The gnoll bouda hits you but does no damage.
The gnoll hits you with a +0 flail. The ogre barely misses you.
You struggle against the net.
The gnoll hits you but does no damage. x2
The gnoll bouda hits you but does no damage.
The gnoll hits you but does no damage.
You struggle against the net.
The gnoll hits you but does no damage.
The gnoll bouda hits you with a +0 whip!
The ogre barely misses you. The gnoll hits you with a +0 flail.
The gnoll hits you but does no damage.
You rip the net and break free!
The gnoll barely misses you. The gnoll hits you but does no damage.
The gnoll bouda hits you but does no damage.
The gnoll hits you with a +0 flail! The gnoll closely misses you.
The ogre hits you with a +0 giant club!!
You die...

#. .... .#
#..#### #....#
#.
#......###.....#
#.####..#
..........
##.......#
#.........
#....###.##
#.........
###....#
##.###.........
.....<##
#.##..ggg#....
..P...#
#.....@g......
ยค.P..##
#..##.Og....!.
.....
#.##..........
.....
...#.....#.....
..P..
..........####..
P.###
#......###..# .
#. #.....# ##..
#..##.# #..


You could see an ogre, a gnoll bouda and 4 gnolls.

Vanquished Creatures
  An ogre (D:4)
  2 hounds (D:4)
  An orc priest (D:4)
  An iguana (D:4)
  An orc wizard (D:4)
  A gnoll (D:5)
  5 adders
  An ufetubus (D:4)
  2 dart slugs
  9 orcs
  2 ball pythons (D:2)
  3 bats
  6 endoplasms
  7 giant cockroaches
  9 goblins
  10 hobgoblins
  6 jackals
  5 quokkas
  5 frilled lizards
  3 kobolds
  10 rats
90 creatures vanquished.

Notes
Turn   | Place    | Note
-------+----------+-------------------------------------------
     0 | D:1      | qw the Gargoyle Fighter began the quest for the Orb.
     0 | D:1      | Reached XP level 1. HP: 14/14 MP: 1/1
     0 | D:1      | 0 ||| qw: Version: 0.3-a-32-g5962c71
     0 | D:1      | 0 ||| qw: Game counter: 7450
     0 | D:1      | 0 ||| qw: Melee chars always use a shield: true
     0 | D:1      | 0 ||| qw: God list: Okawaru
     0 | D:1      | 0 ||| qw: Allow faded altars: false
     0 | D:1      | 0 ||| qw: Do Orc after clearing Dungeon:15 true
     0 | D:1      | 0 ||| qw: Do second Lair branch before Depths: true
     0 | D:1      | 0 ||| qw: Lair rune preference: random
     0 | D:1      | 0 ||| qw: Goals: Normal, Zot:1-4, Slime:5, God:TSO, Crypt,
                  | Tomb, Abyss, Pan, Hells, Win
     0 | D:1      | 0 ||| PLANNING D:1-11
    84 | D:1      | Reached skill level 2 in Axes
    84 | D:1      | 84 ||| Stepping ~*~*~tactically~*~*~ (hiding).
   107 | D:1      | Reached XP level 2. HP: 19/19 MP: 2/2
   586 | D:1      | 586 ||| DROPPING +0 whip.
   630 | D:1      | 630 ||| READING scroll labelled HONTUI RUPUNE.
   631 | D:1      | 631 ||| READING 3 scrolls labelled KONOXA SEAFAURGH.
   636 | D:1      | 636 ||| READING scroll labelled ORUFYLA OPLAOXKEFF.
   647 | D:1      | 647 ||| READING scroll labelled VOOTWAS FYOCUG.
   648 | D:1      | 648 ||| DRINKING 2 dark potions.
   665 | D:2      | Found a broken altar of Ashenzari.
   707 | D:2      | Found a faded altar of an unknown god.
   715 | D:2      | Reached skill level 3 in Axes
   726 | D:2      | Reached XP level 3. HP: 23/23 MP: 3/3
  1008 | D:2      | 1008 ||| Stepping ~*~*~tactically~*~*~ (stealth).
  1018 | D:2      | Reached XP level 4. HP: 28/28 MP: 4/4
  1038 | D:2      | Reached skill level 4 in Axes
  1071 | D:2      | 1071 ||| Stepping ~*~*~tactically~*~*~ (stealth).
  1072 | D:2      | 1072 ||| Stepping ~*~*~tactically~*~*~ (stealth).
  1393 | D:2      | 1393 ||| READING scroll labelled LITHAZ BIEL.
  1394 | D:2      | 1394 ||| READING scroll labelled UNTAQA GASIV.
  1429 | D:3      | 1429 ||| Stepping ~*~*~tactically~*~*~ (stealth).
  1497 | D:3      | Found Bimunlin's Book Shop.
  1579 | D:3      | 1579 ||| Stepping ~*~*~tactically~*~*~ (stealth).
  1628 | D:3      | 1628 ||| DROPPING +0 mace.
  1679 | D:3      | Found a radiant altar of Vehumet.
  1712 | D:3      | Found a stormy altar of Qazlal.
  1712 | D:3      | Found a bloodstained altar of Trog.
  1732 | D:3      | Found a snail-covered altar of Cheibriados.
  1734 | D:3      | Found an ancient bone altar of Kikubaaqudgha.
  1736 | D:3      | Found a sparkling altar of Nemelex Xobeh.
  2161 | D:3      | Reached XP level 5. HP: 32/32 MP: 5/5
  2279 | D:3      | 2279 ||| UPGRADING to +0 chain mail.
  2289 | D:3      | 2289 ||| DROPPING +0 scale mail.
  2290 | D:3      | 2290 ||| UPGRADING to +1 helmet.
  2295 | D:3      | 2295 ||| READING scroll labelled SESEOM FAGURAOSCHO.
  2452 | D:4      | 2452 ||| FLEEEEING.
  2453 | D:4      | 2453 ||| FLEEEEING.
  2454 | D:4      | 2454 ||| FLEEEEING.
  2455 | D:4      | 2455 ||| FLEEEEING.
  2456 | D:4      | 2456 ||| FLEEEEING.
  2458 | D:4      | 2458 ||| Stepping ~*~*~tactically~*~*~ (hiding).
  2459 | D:4      | 2459 ||| Stepping ~*~*~tactically~*~*~ (hiding).
  2471 | D:4      | Reached skill level 5 in Axes
  2471 | D:4      | HP: 6/32 [orc/+0 trident (4)]
  2472 | D:4      | 2472 ||| READING 2 scrolls of teleportation.
  2475 | D:4      | 2475 ||| READING scroll of teleportation.
  2480 | D:4      | Found a glowing silver altar of Zin.
  2491 | D:4      | 2491 ||| FLEEEEING.
  2493 | D:4      | 2493 ||| Stepping ~*~*~tactically~*~*~ (stealth).
  2566 | D:4      | 2566 ||| Stepping ~*~*~tactically~*~*~ (stealth).
  2644 | D:4      | Reached XP level 6. HP: 19/39 MP: 6/6
  2847 | D:4      | 2847 ||| FLEEEEING.
  2855 | D:4      | 2855 ||| STAIRDANCE
  2937 | D:3      | 2937 ||| READING scroll labelled QOSHRA OQAVES.
  2938 | D:3      | 2938 ||| DRINKING 2 inky potions.
  2939 | D:3      | 2939 ||| DRINKING 5 potions of curing.
  2939 | D:3      | 2939 ||| (to cure confusion)
  2940 | D:3      | 2940 ||| DROPPING potion of ambrosia.
  3000 | D:4      | 3000 ||| Stepping ~*~*~tactically~*~*~ (stealth).
  3020 | D:4      | 3020 ||| Stepping ~*~*~tactically~*~*~ (stealth).
  3021 | D:4      | 3021 ||| Stepping ~*~*~tactically~*~*~ (stealth).
  3207 | D:4      | 3207 ||| UPGRADING to +0 pair of gloves.
  3257 | D:5      | Entered Level 5 of the Dungeon
  3257 | D:5      | Found a hazy altar of Hepliaklqana.
  3281 | D:5      | Slain by an ogre

Levels and vault maps discovered:
D:1:      elethiomel_arrival_infinity_welcomes_careful_drivers, layout_basic,
          st_stairs_8
D:2:      layout_loops_cross, basic_altar,
          hellmonk_ecumenical_altar_pennies_from_heaven
D:3:      wad_crossroads, layout_basic, nicolae_vehumet_altar_sigil,
          chequers_temple_overflow_minitemple, serial_shops, shop
D:4:      layout_rooms, lemuel_doored_altar
D:5:      layout_layer_cave, nicolae_hepliaklqana_hazy_memory

Skill      XL: |  1  2  3  4  5 |
---------------+----------------+-----
Axes           | 2 3 4 5 |  5.9
Fighting       | 4 |  4.3
Armour         | |  3.2
Shields        | |  3.2

Action                     |  1- 3 |  4- 6 || total
---------------------------+-------+-------++-------
  Melee: War axe           |   103 |   204 ||   307
    Use: Scroll            |     4 |     6 ||    10
         Potion            |     1 |     2 ||     3
 Armour: Scale mail        |    50 |    52 ||   102
         Chain mail        |       |    81 ||    81
  Dodge: Dodged            |    39 |    82 ||   121
  Block: Buckler           |    20 |    33 ||    53

Table legend:
 A = Non-vault XP
 B = Vault XP
 C = Vault XP percentage of total XP
 D = Non-vault monster count
 E = Vault monster count
 F = Vault count percentage of total count
                 A         B        C        D         E       F
            +---------+---------+-------+---------+---------+-------
      Total |     522 |      24 |   4.4 |      84 |       5 |   5.6
            +---------+---------+-------+---------+---------+-------
        D:1 |      25 |       2 |   7.4 |      14 |       1 |   6.7
        D:2 |      84 |       0 |   0.0 |      28 |       0 |   0.0
        D:3 |      43 |      22 |  33.8 |      22 |       4 |  15.4
        D:4 |     356 |       0 |   0.0 |      19 |       0 |   0.0
        D:5 |      14 |       0 |   0.0 |       1 |       0 |   0.0
            +---------+---------+-------+---------+---------+-------
